 Dungeon Sprint DCSS version 0.22.0-5-gf09313c (webtiles) character file.

122086 MrElk the Axe Maniac (level 16, 0/183 HPs)
             Began as a Minotaur Berserker on Aug 13, 2018.
             Was the Champion of Trog.
             Slain by Ignacio
             ... wielding a +7 executioner's axe of pain
              (3 damage)
             ... in the Dungeon (Sprint V: "Ziggurat Sprint").
             The game lasted 00:52:14 (2640 turns).

MrElk the Axe Maniac (Minotaur Berserker)           Turns: 2640, Time: 00:52:14

Health: 0/183      AC: 46    Str: 27    XL:     16   Next: 33%
Magic:  13/15      EV: 20    Int:  1    God:    Trog [******]
Gold:   0          SH: 37    Dex: 15    Spells: 15/15 levels left

rFire    + . .     SeeInvis +   u - +14 obsidian axe {chop, +Fly SInv *Curse} (curse)
rCold    . . .     Gourm    .   w - +18 shield of the Gong {rElec rN+ MR+ EV-5}
rNeg     + . .     Faith    .   v - +15 Maxwell's patent armour {-Cast -Tele rElec MR+ rCorr}
rPois    .         Spirit   .   (helmet restricted)
rElec    +         Reflect  .   y - +0 cloak {MR+}
rCorr    +         Harm     .   r - +2 pair of gloves {Dex+3}
MR       +++++     Rnd*Rage +   B - +1 pair of boots {run} Stlth ..........NoTele +
                                I - necklace of Bloodlust {*Rage +Rage MR++ Int-3 Slay+6 *Curse}
HPRegen  1.40/turn NoCast   +   O - ring of Phasing {EV+8}
MPRegen  0.14/turn              Q - ring "Eczequr" {rF+ MR+ Slay+2 Stlth+}

@: lethally poisoned (0 -> -8), mesmerised, regenerating, quick
A: retaliatory headbutt, horns 2
a: Berserk, Trog's Hand, Brothers in Arms, Renounce Religion, Evoke Berserk
Rage, Evoke Flight


You were in the Dungeon.
You worshipped Trog.
Trog was exalted by your worship.
You were hungry.

You visited 1 branch

Inventory:

Hand Weapons
 u - the cursed +14 obsidian axe (weapon) {chop, +Fly SInv *Curse}
   (You found it in the Dungeon)

   It inflicts extra damage upon your enemies.
   It lets you see invisible.
   It lets you fly.
   It curses itself when equipped.
   It has a curse placed upon it.
 W - a +5 broad axe of chopping
Armour
 r - a +2 pair of gloves of dexterity (worn)
 v - the +15 Maxwell's patent armour (worn) {-Cast -Tele rElec MR+ rCorr}
   (You found it in the Dungeon)

   It insulates you from electricity.
   It affects your resistance to hostile enchantments.
   It prevents spellcasting.
   It prevents most forms of teleportation.
   It provides partial protection from all sources of acid and corrosion.
 w - the +18 shield of the Gong (worn) {rElec rN+ MR+ EV-5}
   (You found it in the Dungeon)

   It affects your evasion (-5).
   It insulates you from electricity.
   It protects you from negative energy.
   It affects your resistance to hostile enchantments.
 y - a +0 cloak of magic resistance (worn)
 B - a +1 pair of boots of running (worn)
 F - the +1 pair of boots of the Solstice {rC+}
   (You found it in the Dungeon)

   It protects you from cold.
 N - a +0 cloak
Jewellery
 a - an uncursed ring of protection from fire
 j - the ring of Erenubleal {+Fly Str+3 Int+4}
   (You took it off a naga in the Dungeon)

   [ring of flight]

   It affects your strength (+3).
   It affects your intelligence (+4).
   It lets you fly.
 m - the ring "Naoloukh" {Str+6 Int+6}
   (You found it in the Dungeon)

   [ring of strength]

   It affects your strength (+6).
   It affects your intelligence (+6).
 x - the cursed ring "Otaudumn" {+Inv rC- EV-3 Str+5 Int+3}
   (You found it in the Dungeon)

   [ring of evasion]

   It affects your evasion (-3).
   It affects your strength (+5).
   It affects your intelligence (+3).
   It makes you vulnerable to cold.
   It lets you turn invisible.
   It has a curse placed upon it.
 z - an uncursed ring of magical power
 A - the cursed ring of Vokoraeh {rC+ MR+ Dex-3 SInv}
   (You found it in the Dungeon)

   [ring of dexterity]

   It affects your dexterity (-3).
   It protects you from cold.
   It affects your resistance to hostile enchantments.
   It lets you see invisible.
   It has a curse placed upon it.
 H - the ring "Ceigaquep" {rC+ MP+9 Str+3}
   (You found it in the Dungeon)

   [ring of magical power]

   It affects your strength (+3).
   It protects you from cold.
   It affects your magic capacity (+9).
 I - the necklace of Bloodlust (around neck) {*Rage +Rage MR++ Int-3 Slay+6 *Curse}
   (You found it in the Dungeon)

   [amulet of rage]

   It affects your intelligence (-3).
   It affects your accuracy and damage with ranged weapons and melee attacks
   (+6).
   It affects your resistance to hostile enchantments.
   It lets you go berserk.
   It may make you go berserk in combat.
   It curses itself when equipped.
 J - an uncursed ring of magical power
 K - the ring "Wulirog" {Int+6 Stlth-}
   (You took it off a nagaraja in the Dungeon)

   [ring of attention]

   It affects your intelligence (+6).
   It makes you less stealthy.
 L - the amulet "Jaleeptaudu" {Reflect Int+3 SH+3}
   (You found it in the Dungeon)

   [amulet of reflection]

   It shields you and reflects attacks.
   It affects your intelligence (+3).
   It affects your SH (+3).
 M - an uncursed ring of protection from cold
 O - the ring of Phasing (left hand) {EV+8}
   (You found it in the Dungeon)

   [ring of evasion]

   It affects your evasion (+8).
 Q - the ring "Eczequr" (right hand) {rF+ MR+ Slay+2 Stlth+}
   (You found it in the Dungeon)

   [ring of stealth]

   It affects your accuracy and damage with ranged weapons and melee attacks
   (+2).
   It protects you from fire.
   It affects your resistance to hostile enchantments.
   It makes you more stealthy.
 R - a +3 amulet of reflection
 S - an uncursed ring of ice
 T - the ring "Ketasef" {rElec rN+ Int+4 Slay-5}
   (You found it in the Dungeon)

   [ring of positive energy]

   It affects your intelligence (+4).
   It affects your accuracy and damage with ranged weapons and melee attacks
   (-5).
   It insulates you from electricity.
   It protects you from negative energy.
 Y - the brooch of Shielding {Reflect SH+8}
   (You found it in the Dungeon)

   [amulet of reflection]

   It shields you and reflects attacks.
   It affects your SH (+8).
Wands
 C - a wand of disintegration (7)
 D - a wand of iceblast (7)
 E - a wand of acid (7)
Scrolls
 i - 4 scrolls of blinking
 p - 7 scrolls of fog
 q - a scroll of holy word
 s - 4 scrolls of remove curse
 t - 2 scrolls of fear
 P - 4 scrolls of enchant weapon
Potions
 b - 2 potions of brilliance
 d - 10 potions of curing
 e - 11 potions of heal wounds
 f - 9 potions of haste
 g - 7 potions of magic
 h - 3 potions of berserk rage
 k - 2 potions of invisibility
 l - 4 potions of resistance
 n - 4 potions of agility
 o - 4 potions of might
Comestibles
 c - 3 rations
 G - 4 chunks of flesh


   Skills:
 O Level 27 Fighting
 O Level 27 Axes
 + Level 26.3 Armour
 + Level 13.4 Dodging
 O Level 27 Shields


You had 15 spell levels left.
You didn't know any spells.
Your spell library was empty.

Dungeon Overview and Level Annotations

Branches:
Dungeon (1/1)

Altars:
Ashenzari
Cheibriados
Dithmenos
Elyvilon
Fedhas
Gozag
Hepliaklqana
Kikubaaqudgha
Makhleb
Nemelex Xobeh
Okawaru
Qazlal
Ru
Sif Muna
Trog
Uskayaw
Vehumet
Wu Jian
Xom
Yredelemnul
Zin
The Shining One
Beogh
Jiyva
Lugonu

Annotations:
D Agnes, Azrael, Blork the orc, Cerebov, Donald, Erica, Frances, Gloorx Vloq, Grum, Harold, Ignacio, Ilsuiw, Josephine, Kirke, Mnoleg, Murray, Nessos, Serpent of Hell, Sojobo, Urug, Xtahua


Innate Abilities, Weirdness & Mutations

You reflexively headbutt those who attack you in melee.
You have a pair of horns on your head.


Message History

Send 'em back where they came from!
Trog shields your ally from puny magic! x2
Grum drinks a potion.
Grum is healed!
Send 'em back where they came from!
Trog shields your ally from puny magic! x3
Sojobo drinks a potion.
Sojobo suddenly seems more agile.
Donald barely misses you.
Nessos blinks!
Press: ? - help, v - describe, . - travel The floor.
This square is lit by a halo.
You slash Mnoleg! Your headbutt misses Mnoleg.
Mnoleg is lightly wounded.
You slash Ignacio!
Visions of slaying Mnoleg flood into your mind.
* * * LOW HITPOINT WARNING * * *
You feel sick. You block Ignacio's attack.
SHROANNG!
You block Ignacio's attack.
GONNNNG!
Ignacio hits you but does no damage.
You writhe in agony.
You die...

...........▓ ...........▓1...
...§§§.
...........▓.W...@D.§c@....
...........▓.&2....§g§Q....
.†††.......▓...W.@Ro@.......
.†)†.......▓...o.@4.m.......
.††........▓..Z11D@..........
...........▓..&&▓1D.......▓..
......▓....▓...▓@▓i......▓.▓.
...........▓...4▓43.......▓..
...........▓.................
...........▓.................
..©........▓.........©.......
▓▓▓▓▓▓▓▓▓▓▓▓▓▓▓▓▓▓▓▓▓▓▓▓▓▓▓▓▓


You could see Cerebov, Gloorx Vloq, Mnoleg, the Serpent of Hell, Ignacio, Ilsuiw
(invisible), Sojobo, Frances, Xtahua, a shadow dragon, Kirke, a Brimstone Fiend,
a cacodemon, Azrael, Donald, Harold, Nessos, Josephine, Urug, an Executioner,
Erica, a shadow wraith (invisible), a phantasmal warrior, a hellwing, a spectral
adder, Grum, Blork the orc (invisible), a friendly sun demon, a friendly
hellwing and a friendly red devil.

Vanquished Creatures
  2 ancient liches (D)
  A bone dragon (D)
  An Ice Fiend (D)
  A draconian monk (D)
  3 nagarajas (D)
  An emperor scorpion (D)
  4 ghost moths (D)
  A deep elf sorcerer (D)
  A deep elf elementalist (D)
  4 ghouls (D)
  4 reapers (D)
  An entropy weaver (D)
  2 black draconians (D)
  4 vampire knights (D)
  4 green draconians (D)
  2 deep elf annihilators (D)
  3 white draconians (D)
  2 spark wasps (D)
  A purple draconian (D)
  A red draconian (D)
  A yellow draconian (D)
  2 blizzard demons (D)
  6 naga warriors (D)
  A hydra (D)
  4 ice dragons (D)
  7 anacondas (D)
  2 hell hogs (D)
  5 vampire magi (D)
  A dancing weapon (D)
  A sixfirhy (D)
  A soul eater (D)
  8 skeletal warriors (D)
  A wretched star (D)
  7 deep elf magi (D)
  2 orb spiders (D)
  5 wolf spiders (D)
  A cyclops (D)
  9 necromancers (D)
  4 moths of wrath (D)
  4 draconians (D)
  3 rust devils (D)
  8 black mambas (D)
  3 guardian serpents (D)
  3 naga magi (D)
  A spiny frog (D)
  3 tormentors (D)
  4 freezing wraiths (D)
  5 demonic crawlers (D)
  5 ice devils (D)
  An efreet (D)
  A red devil (D)
  An ancient zyme (D)
  A slime creature (D)
  3 merfolk (D)
  4 jumping spiders (D)
  5 hornets (D)
  2 hippogriffs (D)
  5 redbacks (D)
  A large abomination (D)
  7 shadows (D)
  3 vampires (D)
  2 wyverns (D)
  A flying skull (D)
  Sigmund (D)
  5 tarantellas (D)
  2 yaks (D)
  A wraith (D)
  A fire elemental (D)
  A small abomination (D)
  7 nagas (D)
  A floating eye (D)
  Duvessa (D)
  4 water moccasins (D)
  3 porcupines (D)
  3 ice beasts (D)
  A black bear (D)
  2 centaurs (D)
  3 necrophages (D)
  2 crocodiles (D)
  3 wolves (D)
  2 earth elementals (D)
  2 wights (D)
  A crimson imp (D)
  2 quasits (D)
  2 orc wizards (D)
  6 iron imps (D)
  An iguana (D)
  A mummy (D)
  3 adders (D)
  2 shadow imps (D)
  6 white imps (D)
  2 ufetubi (D)
  An ooze (D)
  5 adder zombies (D)
  An adder skeleton (D)
  An orc (D)
  2 bat skeletons (D)
  4 bat zombies (D)
  3 jackals (D)
  2 ball pythons (D)
  A giant cockroach zombie (D)
  3 jackal skeletons (D)
  2 leopard gecko skeletons (D)
  3 leopard gecko zombies (D)
  3 quokka zombies (D)
289 creatures vanquished.

Vanquished Creatures (collateral kills)
  2 nagarajas (D)
  A ghoul (D)
  2 reapers (D)
  An entropy weaver (D)
  A vampire knight (D)
  A purple draconian (D)
  A deep elf high priest (D)
  2 ice dragons (D)
  A vampire mage (D)
  2 skeletal warriors (D)
  2 necromancers (D)
  5 draconians (D)
  A guardian serpent (D)
  A naga mage (D)
  A rust devil (D)
  A spiny frog (D)
  A smoke demon (D)
  An ice devil (D)
  A red devil (D)
  A jumping spider (D)
  A slime creature (D)
  3 shadows (D)
  2 water moccasins (D)
  A black bear (D)
  An ice beast (D)
  A wolf (D)
  3 wights (D)
  A jelly (D)
  An iron imp (D)
  An orc wizard (D)
  A mummy (D)
  An adder (D)
  3 white imps (D)
  4 adder skeletons (D)
  2 ball pythons (D)
  6 bat skeletons (D)
  2 bat zombies (D)
  A ball python skeleton (D)
  2 leopard gecko skeletons (D)
  2 quokka zombies (D)
68 creatures vanquished.

Vanquished Creatures (others)
  Snorg (D)
  Pikel (D)
  Psyche (D)
  A naga mage (D)
  Purgy (D)
  Terence (D)
  Ijyb (D)
  A white imp (D)
  A bat zombie (D)
  2 fire vortices (D)
11 creatures vanquished.

Grand Total: 368 creatures vanquished

Notes
Turn   | Place    | Note
-------+----------+-------------------------------------------
     0 | D        | Found the +6 Majin-Bo {vamp, Archmagi MP+6 Int+6}
     0 | D        | Found the +7 great mace "Firestarter" {inner flame, rF++}
     0 | D        | MrElk the Minotaur Berserker began the quest for the Orb.
     0 | D        | Reached XP level 1. HP: 19/19 MP: 0/0
     4 | D        | Killed Terence
    16 | D        | Found a deep blue altar of Sif Muna.
    16 | D        | Found a bloodstained altar of Trog.
    16 | D        | Found a sacrificial altar of Ru.
    16 | D        | Found a stormy altar of Qazlal.
    16 | D        | Found an iron altar of Okawaru.
    17 | D        | Found a sparkling altar of Nemelex Xobeh.
    17 | D        | Found a blossoming altar of Fedhas.
    19 | D        | Found a transporter.
    19 | D        | Found an ancient bone altar of Kikubaaqudgha.
    19 | D        | Found a viscous altar of Jiyva.
    19 | D        | Found a corrupted altar of Lugonu.
    19 | D        | Found a hazy altar of Hepliaklqana.
    19 | D        | Found a burning altar of Makhleb.
    19 | D        | Found an opulent altar of Gozag.
    35 | D        | Found the +9 heavy crossbow "Sniper" {velocity, Acc+∞ SInv}
    35 | D        | Found the +10 dark maul {crush}
    35 | D        | Found the +15 Maxwell's patent armour {-Cast -Tele rElec MR+ rCorr}
    35 | D        | Found the +18 shield of the Gong {rElec rN+ MR+ EV-5}
    35 | D        | Found the cursed +14 obsidian axe {chop, +Fly SInv *Curse}
    75 | D        | Entered arena 2.
    75 | D        | Noticed a draconian
    75 | D        | Noticed a draconian
    75 | D        | Found a transporter.
    79 | D        | Killed a draconian
    79 | D        | Reached skill level 10 in Fighting
    79 | D        | Reached skill level 10 in Axes
    79 | D        | Reached skill level 5 in Dodging
    79 | D        | Reached XP level 2. HP: 39/39 MP: 1/1
    79 | D        | Reached XP level 3. HP: 46/46 MP: 2/2
    79 | D        | Reached XP level 4. HP: 52/52 MP: 3/3
    79 | D        | Reached XP level 5. HP: 59/59 MP: 4/4
    79 | D        | Reached XP level 6. HP: 67/67 MP: 5/5
    85 | D        | Killed a draconian
    85 | D        | Reached XP level 7. HP: 77/77 MP: 6/6
    95 | D        | Killed Snorg
   129 | D        | Entered arena 3.
   129 | D        | Noticed a draconian
   129 | D        | Noticed a draconian
   129 | D        | Noticed a purple draconian
   129 | D        | Found a transporter.
   130 | D        | Found the +3 robe of Clouds {+Fly rElec}
   134 | D        | Killed a draconian
   134 | D        | Reached ** piety under Trog
   136 | D        | Killed a draconian
   136 | D        | Reached XP level 8. HP: 86/86 MP: 7/7
   137 | D        | Killed a purple draconian
   137 | D        | Reached XP level 9. HP: 95/95 MP: 8/8
   185 | D        | Entered arena 4.
   185 | D        | Found a transporter.
   187 | D        | Reached *** piety under Trog
   189 | D        | Reached **** piety under Trog
   207 | D        | Entered arena 5.
   207 | D        | Found a transporter.
   211 | D        | Received a gift from Trog
   211 | D        | Reached skill level 15 in Axes
   212 | D        | Reached skill level 10 in Shields
   212 | D        | Reached XP level 10. HP: 100/104 MP: 9/9
   225 | D        | Entered arena 6.
   225 | D        | Found a transporter.
   228 | D        | Reached ***** piety under Trog
   239 | D        | Entered arena 7.
   239 | D        | Noticed a hell hog
   239 | D        | Noticed a hell hog
   240 | D        | Found a transporter.
   245 | D        | Killed a hell hog
   245 | D        | Reached skill level 15 in Fighting
   246 | D        | Killed a hell hog
   249 | D        | Received a gift from Trog
   265 | D        | Got the ring "Ceigaquep" {rC+ MP+9 Str+3}
   537 | D        | Entered arena 8.
   537 | D        | Noticed a soul eater
   537 | D        | Noticed a sixfirhy
   538 | D        | Found the cursed necklace of Bloodlust {*Rage +Rage MR++ Int-3 Slay+6 *Curse}
   538 | D        | Found a transporter.
   540 | D        | Killed a sixfirhy
   540 | D        | Reached skill level 10 in Armour
   543 | D        | Killed a soul eater
   543 | D        | Reached XP level 11. HP: 114/114 MP: 10/10
   553 | D        | Got the +1 pair of boots of the Solstice {rC+}
   564 | D        | Entered arena 9.
   564 | D        | Noticed a green draconian
   564 | D        | Noticed a green draconian
   565 | D        | Found a transporter.
   570 | D        | Killed a green draconian
   570 | D        | Received a gift from Trog
   576 | D        | Killed a green draconian
   601 | D        | Entered arena 10.
   602 | D        | Found a transporter.
   602 | D        | Identified the +7 scimitar of Compassion {slice, *Contam rPois rC+++ Str+4}
   607 | D        | Reached ****** piety under Trog
   608 | D        | Received a gift from Trog
   613 | D        | Reached skill level 15 in Shields
   658 | D        | Entered arena 11.
   660 | D        | Found a transporter.
   664 | D        | Received a gift from Trog
   697 | D        | Entered arena 12.
   698 | D        | Noticed an eight-headed hydra
   699 | D        | Found a transporter.
   700 | D        | Received a gift from Trog
   706 | D        | Killed a ten-headed hydra
   709 | D        | Received a gift from Trog
   721 | D        | Got the ring "Unnini Rigie" {Fire +Blink rElec rN+ Str-5}
   725 | D        | Entered arena 13.
   725 | D        | Noticed a red draconian
   725 | D        | Noticed a white draconian
   725 | D        | Noticed a white draconian
   725 | D        | Noticed a yellow draconian
   725 | D        | Noticed a green draconian
   725 | D        | Noticed a black draconian
   725 | D        | Noticed a purple draconian
   725 | D        | Noticed a white draconian
   726 | D        | Found the +3 robe of Folly {Archmagi, MR-- Int+5}
   726 | D        | Noticed a black draconian
   726 | D        | Noticed a green draconian
   726 | D        | Noticed a black draconian monk
   727 | D        | Found the ring of Phasing {EV+8}
   727 | D        | Found a transporter.
   730 | D        | Killed a white draconian
   730 | D        | Reached XP level 12. HP: 127/127 MP: 11/11
   732 | D        | Killed a white draconian
   734 | D        | Killed a green draconian
   737 | D        | Killed a purple draconian
   737 | D        | Killed a red draconian
   737 | D        | Received a gift from Trog
   738 | D        | Killed a white draconian
   739 | D        | Killed a black draconian monk
   740 | D        | Killed a black draconian
   741 | D        | Killed a black draconian
   742 | D        | Killed a green draconian
   744 | D        | Killed a yellow draconian
   768 | D        | Entered arena 14.
   771 | D        | Found a transporter.
   772 | D        | Received a gift from Trog
   872 | D        | Entered arena 15.
   872 | D        | Noticed a vampire mage
   873 | D        | Received a gift from Trog
   877 | D        | Killed a vampire mage
   880 | D        | Received a gift from Trog
   881 | D        | Reached XP level 13. HP: 141/141 MP: 12/12
   888 | D        | Received a gift from Trog
   889 | D        | Found a transporter.
   911 | D        | Entered arena 16.
   913 | D        | Found the +7 sceptre of Torment
   914 | D        | Found a transporter.
   916 | D        | Received a gift from Trog
   923 | D        | Received a gift from Trog
   937 | D        | Got the ring "Yteesk" {rC+ Stlth-}
   983 | D        | Entered arena 17.
   986 | D        | Noticed a deep elf elementalist
   987 | D        | Noticed a deep elf annihilator
   987 | D        | Noticed a deep elf sorcerer
   987 | D        | Noticed a deep elf annihilator
   988 | D        | Found a transporter.
   994 | D        | Killed a deep elf annihilator
   994 | D        | Killed a deep elf elementalist
   994 | D        | Received a gift from Trog
   997 | D        | Killed a deep elf sorcerer
  1000 | D        | Received a gift from Trog
  1006 | D        | Received a gift from Trog
  1007 | D        | Killed a deep elf annihilator
  1017 | D        | Got the ring of Ceytistu {+Fly Int+3}
  1019 | D        | Killed Psyche
  1020 | D        | Got the ring of Jysoavei {rN+ MR+ Str+6 Dex-4}
  1025 | D        | Identified the +11 war axe of the Lamprey {chop, rPois rN++ Int-4} (Trog gifted it to you in the Dungeon)
  1044 | D        | Killed Pikel
  1093 | D        | Entered arena 18.
  1094 | D        | Received a gift from Trog
  1101 | D        | Noticed an ancient lich
  1102 | D        | Noticed a vampire knight
  1102 | D        | Noticed a vampire knight
  1107 | D        | Noticed a Tzitzimitl
  1107 | D        | Killed a vampire knight
  1107 | D        | Received a gift from Trog
  1109 | D        | Noticed a blizzard demon
  1113 | D        | Received a gift from Trog
  1115 | D        | Killed an ancient lich
  1115 | D        | Reached XP level 14. HP: 68/160 MP: 13/13
  1118 | D        | Received a gift from Trog
  1120 | D        | Found a transporter.
  1123 | D        | Killed a vampire knight
  1433 | D        | Entered arena 19.
  1443 | D        | Received a gift from Trog
  1450 | D        | Received a gift from Trog
  1454 | D        | Found a transporter.
  1460 | D        | Received a gift from Trog
  1460 | D        | Reached skill level 27 in Axes
  1471 | D        | Got the ring "Apelemnya" {MR+ Dex+2}
  1517 | D        | Entered arena 20.
  1529 | D        | Noticed a nagaraja
  1531 | D        | Received a gift from Trog
  1539 | D        | Received a gift from Trog
  1543 | D        | Found a transporter.
  1549 | D        | Killed a nagaraja
  1549 | D        | Reached skill level 15 in Armour
  1712 | D        | Entered arena 21.
  1717 | D        | Found the brooch of Shielding {Reflect SH+8}
  1717 | D        | Noticed a reaper
  1717 | D        | Noticed an Ice Fiend
  1717 | D        | Noticed a reaper
  1719 | D        | Received a gift from Trog
  1727 | D        | Killed an Ice Fiend
  1729 | D        | Killed a reaper
  1729 | D        | Received a gift from Trog
  1730 | D        | Found a transporter.
  1733 | D        | Received a gift from Trog
  1733 | D        | Reached skill level 27 in Fighting
  1742 | D        | Killed a reaper
  1742 | D        | Received a gift from Trog
  1764 | D        | Got the ring "Bafufeu" {rC+ MR+ Int+4}
  1794 | D        | Got the ring "Naoloukh" {Str+6 Int+6}
  1797 | D        | Got the cursed ring "Otaudumn" {+Inv rC- EV-3 Str+5 Int+3}
  1799 | D        | Entered arena 22.
  1803 | D        | Noticed a bone dragon
  1803 | D        | Noticed a reaper
  1805 | D        | Noticed a reaper
  1805 | D        | Noticed a reaper
  1805 | D        | Noticed a reaper
  1811 | D        | Killed a reaper
  1811 | D        | Received a gift from Trog
  1819 | D        | Received a gift from Trog
  1820 | D        | Killed a bone dragon
  1822 | D        | Found a transporter.
  1823 | D        | Received a gift from Trog
  1825 | D        | Killed a reaper
  1828 | D        | Killed a reaper
  1832 | D        | Killed a reaper
  1838 | D        | HP: 8/168 [poisoned by a reaper]
  1869 | D        | Got the cursed ring of Vokoraeh {rC+ MR+ Dex-3 SInv}
  1876 | D        | Killed Purgy
  1885 | D        | Killed Ijyb
  2247 | D        | Entered arena 23.
  2253 | D        | Noticed a nagaraja
  2255 | D        | Noticed a nagaraja
  2257 | D        | Noticed a nagaraja
  2259 | D        | Received a gift from Trog
  2260 | D        | Reached XP level 15. HP: 174/174 MP: 14/14
  2260 | D        | Received a gift from Trog
  2260 | D        | Received a gift from Trog
  2263 | D        | Noticed a nagaraja
  2267 | D        | Received a gift from Trog
  2273 | D        | Received a gift from Trog
  2273 | D        | Killed a nagaraja
  2277 | D        | Received a gift from Trog
  2279 | D        | Killed a nagaraja
  2281 | D        | Killed a nagaraja
  2282 | D        | Killed a nagaraja
  2282 | D        | Received a gift from Trog
  2292 | D        | Got the ring of Erenubleal {+Fly Str+3 Int+4}
  2304 | D        | Found a transporter.
  2309 | D        | Got the ring "Wulirog" {Int+6 Stlth-}
  2332 | D        | Got the amulet "Jaleeptaudu" {Reflect Int+3 SH+3}
  2429 | D        | Entered arena 24.
  2433 | D        | Received a gift from Trog
  2436 | D        | Reached skill level 10 in Dodging
  2436 | D        | Received a gift from Trog
  2441 | D        | Noticed an ancient lich
  2446 | D        | Received a gift from Trog
  2449 | D        | Received a gift from Trog
  2453 | D        | Received a gift from Trog
  2459 | D        | Received a gift from Trog
  2466 | D        | Received a gift from Trog
  2469 | D        | Killed an ancient lich
  2470 | D        | Reached skill level 27 in Shields
  2481 | D        | Found a transporter.
  2521 | D        | Identified a +1 pair of boots of running (You found it in the Dungeon)
  2525 | D        | Entered arena 25.
  2532 | D        | Noticed a ghost moth
  2532 | D        | Noticed a ghost moth
  2532 | D        | Noticed a ghost moth
  2532 | D        | Noticed a ghost moth
  2537 | D        | Received a gift from Trog
  2540 | D        | Killed a ghost moth
  2542 | D        | Killed a ghost moth
  2542 | D        | Reached XP level 16. HP: 183/183 MP: 0/15
  2544 | D        | Received a gift from Trog
  2547 | D        | Received a gift from Trog
  2549 | D        | Received a gift from Trog
  2551 | D        | Received a gift from Trog
  2552 | D        | Received a gift from Trog
  2556 | D        | Received a gift from Trog
  2571 | D        | Found a transporter.
  2574 | D        | Received a gift from Trog
  2598 | D        | Got the ring "Eczequr" {rF+ MR+ Slay+2 Stlth+}
  2614 | D        | Got the ring "Ketasef" {rElec rN+ Int+4 Slay-5}
  2620 | D        | Entered arena 26.
  2620 | D        | Noticed Duvessa
  2621 | D        | Noticed Sigmund
  2623 | D        | Killed Duvessa
  2626 | D        | Killed Sigmund
  2628 | D        | Noticed Ignacio
  2628 | D        | Noticed Blork the orc
  2629 | D        | Noticed Gloorx Vloq
  2629 | D        | Noticed Donald
  2630 | D        | Noticed an Executioner
  2630 | D        | Noticed Ilsuiw
  2631 | D        | Noticed the Serpent of Hell
  2631 | D        | Noticed Josephine
  2631 | D        | Noticed Urug
  2631 | D        | Noticed an Executioner
  2631 | D        | Noticed Agnes
  2632 | D        | Noticed Cerebov
  2632 | D        | Noticed Frances
  2634 | D        | Noticed Grum
  2634 | D        | Noticed Murray
  2634 | D        | Noticed Nessos
  2634 | D        | Noticed Azrael
  2635 | D        | Noticed Erica
  2636 | D        | Noticed a shadow dragon
  2636 | D        | Noticed an Executioner
  2636 | D        | Noticed an Executioner
  2636 | D        | Noticed an Executioner
  2636 | D        | Noticed an Executioner
  2637 | D        | Noticed Sojobo
  2637 | D        | Noticed Harold
  2637 | D        | Noticed Kirke
  2638 | D        | HP: 9/183 [Ignacio/executioner's axe of pain (6)]
  2638 | D        | Noticed Xtahua
  2638 | D        | Noticed a Brimstone Fiend
  2639 | D        | Noticed Mnoleg
  2639 | D        | HP: 4/183 [poisoned by Gloorx Vloq (dark miasma)]
  2640 | D        | Slain by Ignacio

Skill      XL: |  1  2  3  4  5  6  7  8  9 10 11 12 13 14 15 16 |
---------------+-------------------------------------------------+-----
Fighting       | 10 12 13 14 15 17 20 24 27 | 27.0
Axes           | 10 12 13 14 15 17 20 23 26 27 | 27.0
Armour         | 6 7 8 9 10 11 13 14 18 23 26 | 26.3
Dodging        | 5 6 7 8 9 11 13 | 13.4
Shields        | 4 6 10 12 15 19 27 | 27.0

Action                   |  1- 3 |  4- 6 |  7- 9 | 10-12 | 13-15 | 16-18 || total
-------------------------+-------+-------+-------+-------+-------+-------++-------
Melee: Broad axe         |     3 |     5 |    11 |    81 |   202 |    32 ||   334
       Headbutt          |     1 |     3 |     7 |    17 |    56 |    11 ||    95
Invok: Berserk           |     1 |       |     1 |     4 |     8 |       ||    14
       Trog's Hand       |       |       |       |     1 |     7 |     1 ||     9
       Brothers in Arms  |       |       |       |     1 |     7 |       ||     8
  Use: Potion            |       |       |     1 |     2 |     2 |     1 ||     6
       Scroll            |       |       |       |       |    10 |       ||    10
 Stab: Distracted        |       |       |       |     1 |     4 |     1 ||     6
  Eat: Chunk             |       |       |       |     3 |       |     1 ||     4
       Ration            |       |       |       |     1 |     5 |       ||     6
Armor: Plate armour      |       |     2 |     4 |    25 |    36 |    34 ||   101
Dodge: Dodged            |       |     1 |     1 |    11 |    48 |    39 ||   100
Block: Shield            |     5 |     1 |    17 |    90 |   231 |    95 ||   439
